[Event "Chpt France Universitaire 2024"]
[Site "Bastia, France"]
[Date "2024.04.06"]
[Round "3.5"]
[White "Bosc, Seraphina"]
[Black "Dalaud, Dorian"]
[Result "1/2-1/2"]
[TimeControl "15min+5s"]
[WhiteElo "2216"]
[BlackElo "2307"]

1. e4 Nc6 2. d4 d5 3. exd5 Qxd5 4. c3 e5 5. dxe5 Qxd1+ 6. Kxd1 Nxe5 7. Bf4 Ng4 8. Nh3 Bc5 9. Bxc7 Bxf2 10. Bf4 N8f6 11. Bb5+ Bd7 12. Bxd7+ Nxd7 13.
Rf1 Bh4 14. Nd2 O-O-O 15. Kc2 Nc5 16. Nc4 Ne4 17. Rad1 f5 18. Kc1 g6 19. Ne5 Nxe5 20. Bxe5 Rhe8 21. Bd4 b6 22. Kc2 Nd6 23.
g3 Re2+ 24. Rd2 Rxd2+ 25. Kxd2 Nc4+ 26. Kc1 Be7 27. Re1 Rd7 28. Nf4 Nd6 29. Kc2 Bg5 30. Nd3 Kb7 31. Ne5 Re7 32. Nf3 Rxe1 33.
Nxe1 Ne4 34. Nf3 Be7 35. Nd2 Ng5 36. Kd3 Kc6 37. Be3 Ne6 38. Nc4 Kd5 39. Nd2 Bd6 40. c4+ Kc6 41. Nf3 f4 42. gxf4 Nxf4+ 43. Ke4 Ne6 44.
h3 Nc5+ 45. Kd4 Nd7 46. Kd3 Nf6 47. Bd4 Nh5 48. Ke4 Ng3+ 49. Kd3 Nf5 50. Bf2 Kd7 51. b3 Ke6 52. Nd4+ Nxd4 53. Bxd4 Kf5 54. Bf2 Kf4 55. Ke2 h5 56.
Be1 Ke4 57. Bf2 Kf4 58. Be1 Bc5 59.
b4 Be7 60. a3 Ke4 61. Bf2 g5 62. Bg1 g4 63.
hxg4 hxg4 64. Bf2 Kf4 65. c5 bxc5 66. bxc5 g3 67. Bg1 Ke4 68.
c6 Bd8 69. Bxa7 Kd5 70. Kf3 Bc7 71. Bg1 Kxc6 72. a4 Kb7 73. a5 Ka6 74. Bb6 Bb8 75. Bd8 Kb5 76. Kg2 Ka6 77. Kf3 Kb5 78. Kg2 Ka6 79. Kf3 1/2-1/2

[Event "Chpt France Universitaire 2024"]
[Site "Bastia, France"]
[Date "2024.04.06"]
[Round "3.6"]
[White "Tomasi, Elise"]
[Black "Eveno, Nathan"]
[Result "0-1"]
[TimeControl "15min+5s"]
[WhiteElo "1993"]
[BlackElo "2192"]

1. d4 d5 2. Nf3 e6 3. g3 c5 4. Bg2 Nf6 5. O-O cxd4 6. b3 h6 7. Bb2 Bc5 8. Bxd4 Qe7 9. c4 dxc4 10.
bxc4 Nc6 11. Bb2 O-O 12. Nbd2 Rd8 13. Qc1 e5 14. Nb3 Bf5 15. Nh4 Be4 16. Bh3 Nd4 17. Nxd4 exd4 18. Re1 Nh7 19.
Nf5 Qe5 20. e3 Ng5 21. Bg4 Bxf5 22. f4 dxe3 23. Re2 Qe6 24. Bxf5 Nf3+ 25. Kg2 Qxf5 26. Kxf3 Qh5+ 27. g4 Qh3+ 28. Ke4 Qxg4 29. Qg1 f5+ 30.
Ke5 Qxe2 31. Rb1 Qd3 32. Kd4 0-1

[Event "Chpt France Universitaire 2024"]
[Site "Bastia, France"]
[Date "2024.04.06"]
[Round "3.7"]
[White "Maache, Jawad"]
[Black "Dubuisson, Samuel"]
[Result "0-1"]
[TimeControl "15min+5s"]
[WhiteElo "2154"]
[BlackElo "2129"]

1. d4 Nf6 2. Nc3 d5 3. Bf4 e6 4. Nb5 Na6 5. a3 Be7 6. e3 Bd7 7. Nc3 Nb8 8. Nf3 O-O 9. g4 c5 10.
Ne5 Nc6 11. Be2 Nxe5 12. Bxe5 Qb6 13. Rb1 Rac8 14. Bf3 cxd4 15. Qxd4 Bc5 16. Qd2 Bc6 17. b4 Be7 18. Bd4 Qc7 19.
Nd1 Rfd8 20. Qc3 Ba4 21. Qxc7 Rxc7 22. Nc3 Bxc2 23. Rc1 Be4 24. Bxe4 Nxe4 25. Ke2 Rdc8 26. Na2 Rc2+ 0-1

[Event "Chpt France Universitaire 2024"]
[Site "Bastia, France"]
[Date "2024.04.06"]
[Round "3.8"]
[White "Destic, Elena"]
[Black "Cahen, Alexis"]
[Result "0-1"]
[TimeControl "15min+5s"]
[WhiteElo "1946"]
[BlackElo "2060"]

1. e4 c5 2. Nf3 d6 3. c3 Nf6 4. h3 Nc6 5. Bd3 c4 6. Bxc4 Nxe4 7. d4 d5 8. Bd3 Nf6 9. O-O e6 10.
Re1 Bd6 11. Nbd2 Qc7 12. Nf1 O-O 13. Qe2 Nd7 14. Ne3 Nb6 15. Bd2 e5 16. dxe5 Nxe5 17. Nxe5 Bxe5 18. Nf5 Bxf5 19. Bxf5 Nc4
20. Be3 g6 21. Bd3 b5 22. Bd4 Rfe8 23. Bxe5 Rxe5 24. Qc2 Rae8 25. Rxe5 Rxe5 26. b3 Nd6 27. Qd2 Qe7 28. Rd1 a6 29. Kf1 Qe6 30. f4 Ne4 31. Bxe4 Rxe4 32. Qxd5 Re1+ 33. Rxe1 Qxd5 34. Kf2 Qd2+ 35. Re2 Qxf4+ 36. Ke1 Qc1+ 37.
Kf2 Qxc3 38. Re3 Qa5 39. Re2 h5 40. Kf3 Kg7 41. Kf2 Qa3 42. Rd2 a5 43. Re2 h4 44. Rc2 g5 45. Kf3 Qd6 0-1

[Event "Chpt France Universitaire 2024"]
[Site "Bastia, France"]
[Date "2024.04.06"]
[Round "3.9"]
[White "Budak, Rewi"]
[Black "Cardi, Jean"]
[Result "1-0"]
[TimeControl "15min+5s"]
[WhiteElo "2112"]
[BlackElo "1922"]

1. e4 c5 2. Nc3 g6 3. d4 cxd4 4. Qxd4 Nf6 5. f4 Nc6 6. Qf2 d5 7. e5 d4 8. Nb5 a6 9. Na3 Ne4 10.
Qe2 Qa5+ 11. Bd2 Nxd2 12. Qxd2 Qxd2+ 13. Kxd2 Bh6 14. g3 Nxe5 15. Bg2 Be6 16. Re1 Nc6 17. Nf3 O-O-O 18. h4 Bd5 19. Rhf1 e5 20. Bh3+ f5 21.
Nxe5 Rhe8 22. Nac4 Bxc4 23. Nxc4 Kc7 24. Bg2 b5 25. Bxc6 Kxc6 26. Ne5+ Kd5 27. Nf7 Bf8 28. Nxd8 Rxd8 29. Re5+ Kc6 30. Kd3 Bd6 31. Re6 Kd5 32. Rfe1 Rc8 33.
Re8 Rc7 34. Rd8 Kc5 35. Re6 Rc6 36. b4+ Kd5 37. Re5# Ke4+ 38. Kxe4 1-0

[Event "Chpt France Universitaire 2024"]
[Site "Bastia, France"]
[Date "2024.04.06"]
[Round "3.10"]
[White "Paris, Romain"]
[Black "Roux, Baptiste"]
[Result "0-1"]
[TimeControl "15min+5s"]
[WhiteElo "1898"]
[BlackElo "2361"]

1. d4 d5 2. Nf3 Nf6 3. c4 c6 4. Nc3 e6 5. Bf4 Nbd7 6. e3 Be7 7. Bd3 O-O 8. O-O dxc4 9. Bxc4 b5 10.
Bd3 Bb7 11. Rc1 a6 12. Qe2 c5 13. dxc5 Nxc5 14. Bb1 Rc8 15. Rfd1 Qb6 16. h3 b4 17. Nd4 bxc3 18. Rxc3 Rfd8 19. Rdc1 Nce4 20. Rc7 Bc5 21.
Rxc8 Rxc8 22. f3 Bxd4 23. Rxc8+ Bxc8 24. fxe4 Bxb2 25. Bc2 e5 26. Bg3 Be6 27. Kh2 Nd7 28. Qd2 Ba3 29. Be1 Bc5 30.
Ba4 Bxe3 31. Qc3 Bg1+ 32. Kh1 Bd4 33. Qc8+ Nf8 34. Qe8 Qb1 35. Kh2 Qxe1 36. Qc6 Bg1+ 0-1

[Event "Chpt France Universitaire 2024"]
[Site "Bastia, France"]
[Date "2024.04.06"]
[Round "3.11"]
[White "Djidjeli, Sarah"]
[Black "Defromont, Benjamin"]
[Result "1-0"]
[TimeControl "15min+5s"]
[WhiteElo "2080"]
[BlackElo "2393"]

1. e4 e5 2. Nf3 Nc6 3. Bb5 a6 4. Ba4 Nf6 5. O-O Be7 6. d3 b5 7. Bb3 d6 8. a4 b4 9. a5 O-O 10. Re1 Rb8 11. Bc4 h6 12. Nbd2 Re8 13. Nf1 Bf8 14.
Ne3 Nd4 15. c3 bxc3 16. bxc3 Nxf3+ 17. Qxf3 c6 18. h3 g6 19. Ng4 Bxg4 20.
hxg4 Ra8 21. g5 hxg5 22. Bxg5 Bg7 23. d4 exd4 24. cxd4 d5 25. exd5 Rxe1+ 26. Rxe1 cxd5 27. Bxf6 Qxf6 28. Bxd5 Rd8 29. Qb3 Qf5 30. Be4 Qxa5 31. Rd1 Bxd4 32. Bxg6 Bxf2+ 33. Kxf2 Qc5+ 34. Kf3 Qc6+ 35. Be4 Qf6+ 36. Ke2 Re8 37. Qg3+ Kf8 38.
Qa3+ Kg8 39. Qe3 Qe5 40. Rd4 Kg7 41. Kf1 a5 42. Kf2 Qf6+ 43. Kg1 Re5 44. Rd5 Rxd5 45. Bxd5 a4 46. Qg3+ Kf8 47. Qa3+ Kg7 48. Qxa4 Qb6+ 49. Kf1 Qb1+ 50. Kf2 Qb2+ 51.
Kf3 Qf6+ 52. Qf4 Qc3+ 53. Kg4 f6 54. Qe4 Qc7 55. Qe6 Qd8 56. Qf7+ Kh6 57. Kf5 Qc8+ 58. Qe6 Qc2+ 59. Kxf6 Qg6+ 60. Ke7 Qxe6+ 61. Bxe6 Kg5 62. g4 Kg6 63. Kd6 Kg5 64. Ke5 Kg6 65. Kf4 Kf6 66. Bd5 Kg6 67. Be4+ Kf6 68. g5+ Kg7 69. Kf5 Kf7 70. Bd5+ Kg7 71. Bc4 Kf8 72. Kg6 Ke7 73. Kh7 1-0

[Event "Chpt France Universitaire 2024"]
[Site "Bastia, France"]
[Date "2024.04.06"]
[Round "3.12"]
[White "Gryshko, Vitalii"]
[Black "Coussy, Tyffanie"]
[Result "1-0"]
[TimeControl "15min+5s"]
[WhiteElo "2288"]
[BlackElo "1763"]

1. Nf3 c5 2. e4 Nc6 3. d4 cxd4 4.
Nxd4 g6 5. Nc3 Bg7 6. Be3 Nf6 7. Bc4 O-O 8. O-O d6 9.
f3 Qb6 10. a3 Nxe4 11. Nd5 Qc5 12. Nxc6 Qxc4 13. Ncxe7+ Kh8 14. b3 Qb5 15. fxe4 Qd7 16. Bd4 f6 17. Qf3 b6 18. Qc3 Ba6 19. Bxf6 Bxf6 20. Rxf6 Kg7 21. Rxg6+ 1-0

[Event "Chpt France Universitaire 2024"]
[Site "Bastia, France"]
[Date "2024.04.06"]
[Round "4.1"]
[White "Cahen, Alexis"]
[Black "Rakotomaharo, Fy Antenaina"]
[Result "0-1"]
[TimeControl "15min+5s"]
[WhiteElo "2060"]
[BlackElo "2448"]

1. e4 c5 2. Ne2 e6 3. c4 Nc6 4. Nbc3 Nf6 5. d3 d5 6. Bg5 d4 7. Nb1 Qb6 8. Na3 Be7 9. Qb3 Qd8 10.
g3 Nxe4 11. dxe4 Bxg5 12. f4 Be7 13. Bg2 O-O 14. O-O e5 15. Rad1 Qb6 16. Qc2 Bg4 17. Bf3 Nb4 18. Qb1 Bh3 19.
Bg2 Bxg2 20. Kxg2 f5 21. fxe5 Qc6 22. Nf4 fxe4 23. Nc2 e3+ 24. Kg1 e2 25. Nxe2 Qe4 26. Nexd4 cxd4 27. Nxb4 Qe3+ 28. Kg2 Bxb4 29. Qd3 Qxe5 30. a3 Bd6 31. Rde1 Qc5 32. b4 Qc6+ 33. Kg1 Rxf1+ 34. Rxf1 a5 35. Qxd4 axb4 36. axb4 Bxb4 37. Qd5+ Qxd5 38. cxd5 Ra2 39.
Rb1 Bc5+ 40. Kf1 b6 41. d6 Rd2 0-1

[Event "Chpt France Universitaire 2024"]
[Site "Bastia, France"]
[Date "2024.04.06"]
[Round "4.2"]
[White "Gatineau, Yovann"]
[Black "Budak, Rewi"]
[Result "1-0"]
[TimeControl "15min+5s"]
[WhiteElo "2408"]
[BlackElo "2112"]

1. d4 c5 2. d5 e5 3. c4 d6 4. Nc3 g6 5. e4 Bg7 6. h3 h5 7. Nf3 h4 8.
Bg5 Bf6 9. Be3 Na6 10. Bd3 Ne7 11. a3 Rg8 12. Qd2 g5 13.
Nxg5 Ng6 14. g3 Nc7 15. O-O-O Bd7 16. Rdg1 a6 17. gxh4 Rh8 18. Rg3 Qe7 19. Rhg1 O-O-O 20. Ne2 Rxh4 21.
Nxf7 Qxf7 22. Rxg6 Rxh3 23. b4 b6 24. bxc5 dxc5 25. Qb2 Na8 26. R6g3 Rdh8 27. Kb1 Rxg3 28. Nxg3 Rg8 29. Ka2 Qe8 30.
Rh1 Bg5 31. Qd2 Bxe3 32. Qxe3 Qf7 33. Rh5 Qf6 34. Rh6 Qf7 35. Nf5 Bxf5 36. exf5 Qe8 37. Re6 Qa4 38. Qxe5 Nc7 39. Rc6 Rg7 40. Qxg7 1-0

[Event "Chpt France Universitaire 2024"]
[Site "Bastia, France"]
[Date "2024.04.06"]
[Round "4.3"]
[White "Roux, Baptiste"]
[Black "Harutyunyan, Safar"]
[Result "1-0"]
[TimeControl "15min+5s"]
[WhiteElo "2361"]
[BlackElo "2266"]

1. e4 e6 2. d4 d5 3. exd5 exd5 4. Nf3 Nf6 5. Bd3 c5 6. O-O c4 7. Re1+ Be7 8.
Bf1 O-O 9. b3 cxb3 10. axb3 Nc6 11. c3 Bf5 12. Bf4 Ne4 13.
Ne5 Nxe5 14. Bxe5 f6 15. Bf4 g5 16. Bg3 a6 17. Bd3 Rc8 18. f3 Nxg3 19. hxg3 Bxd3 20. Qxd3 Bd6 21. g4 Bg3 22. Re2 Re8 23. Rxe8+ Qxe8 24. Nd2 Bf4 25. Nf1 Qc6 26. g3 Bc7 27. Rc1 Re8 28. Kf2 Qe6 29. c4 dxc4 30. Qxc4 Bb6 31. Ne3 Qxc4 32. Rxc4 Rd8 33. Nf5 a5 34. Ke2 Kf7 35. Kd3 Ke6 36.
Ke4 Kd7 37. Rc1 Re8+ 38. Kd3 Ra8 39. Re1 a4 40. bxa4 Rxa4 41. Re7+ Kc6 42. Rxh7 Bc7 43. Rf7 Bd8 44. Ne3 Ra3+ 45. Ke4 b5 46. Nd5 Ra1 47. Nxf6 Re1+ 48. Kd3 b4 49. Kc4 Ba5 1-0

[Event "Chpt France Universitaire 2024"]
[Site "Bastia, France"]
[Date "2024.04.06"]
[Round "4.4"]
[White "Eveno, Nathan"]
[Black "Dubuisson, Samuel"]
[Result "1-0"]
[TimeControl "15min+5s"]
[WhiteElo "2192"]
[BlackElo "2129"]

1. e4 c5 2. Nf3 d6 3. Bb5+ Nd7 4.
Ba4 Rb8 5. c4 a6 6. Nc3 Qa5 7. d4 b5 8. Bb3 b4 9. Ne2 Ngf6 10. Ng3 cxd4 11. Nxd4 Bb7 12. O-O g6 13. Re1 Bg7 14. Bd2 Qb6 15. Be3 Nc5 16.
e5 Nfd7 17. e6 fxe6 18. Nxe6 Bxb2 19. Ba4 Bc6 20. Bxc6 Qxc6 21. Rb1 Bc3 22. Bd4 Bxd4 23. Qxd4 Nf6 24. Nf4 Kf7 25. Nd5 e5 26.
Qd2 Nxd5 27. cxd5 Qb7 28. f4 Rhe8 29. fxe5 Rxe5 30. Rxe5 dxe5 31. Rf1+ Kg7 32. Qg5 Rf8 33. Qxe5+ Kg8 34. Rxf8+ Kxf8 35. Qh8+ Kf7 36.
Qxh7+ Kf6 37. Qh4+ Kf7 38. Qf4+ Kg8 39.
Qd6 Qa7 40. Kh1 Kg7 41. h4 b3 42. axb3 Nxb3 43. h5 gxh5 44. Nxh5+ Kh8 45. Qf6+ Kh7 46. d6 1-0

[Event "Chpt France Universitaire 2024"]
[Site "Bastia, France"]
[Date "2024.04.06"]
[Round "4.5"]
[White "Bosc, Seraphina"]
[Black "Mathieu, Phileas"]
[Result "1-0"]
[TimeControl "15min+5s"]
[WhiteElo "2216"]
[BlackElo "2325"]

1. b3 c5 2. Bb2 Nc6 3. Nf3 d6 4. e3 e5 5. c4 Nf6 6. d3 g6 7. Be2 Bg7 8. O-O O-O 9. Nc3 b6 10. Nd2 Bb7 11. Bf3 Bc8 12. Qe2 Bb7 13. Nde4 Nxe4 14. Bxe4 f5 15. Bf3 Qd7 16. a3 Rae8 17. Rab1 h6 18. b4 Kh7 19. b5 Nd4 20. exd4 exd4 21. Qd2 Bxf3 22. gxf3 dxc3 23.
Bxc3 Bxc3 24. Qxc3 f4 25. Rfe1 Qg7 26. Qd2 Qd4 27.
Rxe8 Rxe8 28. Re1 Re5 29. Rxe5 Qxe5 30. Kg2 Kg7 31. a4 Kf6 32. a5 g5 33. axb6 axb6 34. Qa2 h5 35. Qa3 g4 36.
Qa8 Qf5 37. Qd8+ Ke5 38. Qh8+ Ke6 1-0

[Event "Chpt France Universitaire 2024"]
[Site "Bastia, France"]
[Date "2024.04.06"]
[Round "4.6"]
[White "Dalaud, Dorian"]
[Black "Djidjeli, Sarah"]
[Result "1-0"]
[TimeControl "15min+5s"]
[WhiteElo "2307"]
[BlackElo "2080"]

1. e4 c5 2. Nc3 Nc6 3. Bb5 Nd4 4. Nf3 a6 5. Bd3 g6 6. Nxd4 cxd4 7. Ne2 Bg7 8. c3 dxc3 9. dxc3 d6 10.
O-O Nf6 11. a4 O-O 12. Nf4 d5 13. exd5 Nxd5 14. Be4 Nxf4 15. Bxf4 e5 16. Be3 Qc7 17. Qb3 Rb8 18. Ba7 Ra8 19.
Bb6 Qe7 20. a5 Be6 21. Qb4 Qxb4 22. cxb4 Rab8 23. Ba7 f5 24. Bxb8 Rxb8 25. Bb1 Bf8 26. Ba2 Bxa2 27. Rxa2 Bxb4 28. Ra4 Be7 29. Rc4 b6 30.
Rfc1 bxa5 31. Rc8+ Rxc8 32. Rxc8+ Kf7 33. Rc6 h6 34.
Rxa6 Bb4 35. Kf1 Kg7 36. Ke2 e4 37. Ke3 Bc5+ 38. Ke2 Bd4 39. b3 Bc3 40. f3 exf3+ 41. gxf3 h5 42. h4 Kf7 43.
Kd3 Be1 44. Kd4 Bd2 45. Kc5 Bb4+ 46. Kd5 Be1 47. Kc4 Bb4 48. Kd3 Be1 49. Ke3 Bb4 50. Rc6 Be1 51. Rc5 Bb4 52. Rc4 Kf6 53. Kd4 Be1 54. Kd5 Bb4 55.
Rc6+ Kf7 56. Ke5 Be1 57. Rc7+ Ke8 58. Kf6 Bxh4+ 59. Kxg6 Bg3 60. Ra7 h4 61. Rxa5 h3 62. Rxf5 h2 63. Rh5 Ke7 64. Kf5 Kd6 65. Kg4 Be5 66. f4 Bf6 67. Rxh2 Kc5 68. Kf5 Kd5 1-0

[Event "Chpt France Universitaire 2024"]
[Site "Bastia, France"]
[Date "2024.04.06"]
[Round "4.7"]
[White "Baroyan, Davit"]
[Black "Gryshko, Vitalii"]
[Result "0-1"]
[TimeControl "15min+5s"]
[WhiteElo "2118"]
[BlackElo "2288"]

1. Nf3 c5 2. b3 Nc6 3. g3 d6 4. d4 cxd4 5. Nxd4 e5 6. Nxc6 bxc6 7. Bg2 d5 8. O-O Bc5 9. c4 Ne7 10.
Nc3 d4 11. Na4 Bb4 12. a3 Ba5 13.
e3 Bf5 14. exd4 exd4 15. Bb2 O-O 16. b4 Bc7 17. Qxd4 Qxd4 18. Bxd4 Bc2 19. Nc3 Rfd8 20. Bc5 Bd6 21. Bxd6 Rxd6 22. Rfe1 Kf8 23. Rac1 Bb3 24.
Ne4 Rd4 25. c5 a5 26. Ng5 Nd5 27. Nxh7+ Kg8 28. Ng5 axb4 29. axb4 Nxb4 30. Re7 g6 31. Rb7 Nd3 32. Rb1 Nxc5 33. Rb6 Bd5 34. Bxd5 Rxd5 35. Nf3 Ra3 36. Kg2 Ne4 37. R1b2 c5 38. Rc6 Rc3 39. Rc7 Rf5 40. Re2 Rcxf3 41. Rxe4 Rxf2+ 42. Kh3 Rh5+ 43. Kg4 f5# 0-1

[Event "Chpt France Universitaire 2024"]
[Site "Bastia, France"]
[Date "2024.04.06"]
[Round "4.8"]
[White "Pheng, Wissam"]
[Black "Maache, Jawad"]
[Result "0-1"]
[TimeControl "15min+5s"]
[WhiteElo "1975"]
[BlackElo "2154"]

1. e4 d5 2. exd5 Qxd5 3. Nc3 Qa5 4. d4 Nf6 5. Nf3 Bf5 6. Ne5 c6 7. Bc4 e6 8. g4 Be4 9. O-O Bd5 10. Nxd5 cxd5 11. Bd3 Nbd7 12.
Nxd7 Nxd7 13. Bf4 Qb6 14. c3 Bd6 15. Bxd6 Qxd6 16. Qe2 Qf4 17. Bb5 O-O-O 18. c4 Nf6 19. f3 a6 20. Bxa6 bxa6 21.
cxd5 Nxd5 22. Qxa6+ Kd7 23. Rac1 Rc8 24. Qb5+ Ke7 25. Rc4 Rxc4 26. Qxc4 Qe3+ 27. Kh1 Rb8 28. g5 Qxg5 29. f4 Qg2+ 30.
Kxg2 Ne3+ 31. Kf2 Nxc4 32. b3 Nd6 33.
Rc1 Kd7 34. Ke3 Nf5+ 35. Ke4 Rb4 36. Rd1 Kd6 37. Rd2 Ne7 38. Kd3 Nd5 39. Kc2 Nxf4 40. a3 Rb7 41. Rf2 Nd5 42. b4 Rc7+ 43.
Kb2 f5 44. Rf3 f4 45. Kb3 g5 46. h3 h5 47. a4 g4 48. hxg4 hxg4 49. Rf1 g3 50. b5 g2 51. Rg1 f3 52.
b6 Nxb6 53. a5 Nd5 54. a6 f2 55. Rxg2 f1=Q 56. Rb2 Qc4+ 57. Ka3 Qxa6+ 58. Kb3 Rc3# 0-1

[Event "Chpt France Universitaire 2024"]
[Site "Bastia, France"]
[Date "2024.04.06"]
[Round "4.9"]
[White "Arcelin, Gael"]
[Black "Sumarriva Paulin, Laura"]
[Result "1-0"]
[TimeControl "15min+5s"]
[WhiteElo "2126"]
[BlackElo "2046"]

1. e4 e6 2. d4 d5 3. e5 c5 4.
c3 Bd7 5. Nf3 a6 6. h4 cxd4 7. cxd4 Bb5 8. h5 Bxf1 9. Kxf1 Nc6 10. Nc3 Qb6 11. Rh3 Nge7 12. Ne2 Rc8 13. Kg1 Nb4 14.
Ne1 Nbc6 15. Nf3 Nb4 16. Nc3 Nf5 17. g4 Nh6 18. Ne1 Nc6 19. Nc2 Nb4 20. Nxb4 Bxb4 21. Bf4 Rc4 22. Rd3 Qc7 23. Rc1 b5 24.
f3 Ba5 25. Ne2 Rxc1 26. Nxc1 b4 27. Qa4+ Ke7 28. Nb3 Bb6 29. Qxb4+ Kd7 30. Rc3 Qa7 31. Qd6+ 1-0

[Event "Chpt France Universitaire 2024"]
[Site "Bastia, France"]
[Date "2024.04.06"]
[Round "4.10"]
[White "Sabiani, Chjara"]
[Black "Aghamir Alrobiai, Nizar"]
[Result "0-1"]
[TimeControl "15min+5s"]
[WhiteElo "1843"]
[BlackElo "2098"]

1. d4 Nf6 2. c4 g6 3. Nc3 d5 4.
Qb3 dxc4 5. Qxc4 Bg7 6. e4 O-O 7. Nf3 Na6 8. Bf4 c5 9. Rd1 cxd4 10. e5 Nh5 11. Rxd4 Qa5 12. Be2 Nxf4 13.
Rxf4 Be6 14. Qa4 Qxa4 15. Rxa4 Nc5 16. Rb4 Rfd8 17. O-O b6 18. Rh4 h6 19. Re1 g5 20. Rb4 Rab8 21. Bf1 a5 22.
Rd4 g4 23. Rxd8+ Rxd8 24. Nh4 Rd4 25. f3 h5 26. Ne2 Rb4 27. b3 Bxe5 28. Ng3 Bxg3 29. hxg3 a4 30. bxa4 Rxa4 31. Rb1 Rxa2 32.
Rxb6 gxf3 33. Nxf3 Ne4 34. Kh2 Nf6 35. Rb8+ Kg7 36. Ng5 Ng4+ 37. Kg1 Bd5 38. Rb5 e6 39. Rc5 Kg6 40. Nf3 Ra1 41. Rc3 Bb7 42. Rb3 Ba6 43. Nd2 f6 44.
Rb6 Bxf1 45. Nxf1 Ne3 46. Kf2 Nxf1 47. Rxe6 Nd2 48. Rb6 Ne4+ 49. Kf3 Ng5+ 50. Kf2 Ra2+ 51. Kf1 Ne4 52. Rb3 Nd2+ 0-1

[Event "Chpt France Universitaire 2024"]
[Site "Bastia, France"]
[Date "2024.04.06"]
[Round "4.11"]
[White "Hingouet, Matthieu"]
[Black "Leriche, Ines"]
[Result "1-0"]
[TimeControl "15min+5s"]
[WhiteElo "2210"]
[BlackElo "1964"]

1. d4 d5 2. c4 e6 3. Nc3 h6 4. Nf3 Nf6 5. e3 Bd6 6. b3 O-O 7. Bb2 b6 8. Bd3 Bb7 9. O-O Nbd7 10.
Qe2 a6 11. e4 dxe4 12. Nxe4 Nxe4 13. Bxe4 Bxe4 14. Qxe4 Nf6 15. Qe2 Re8 16. Rad1 a5 17. a4 Bb4 18. Ne5 Qd6 19. Rd3 Rad8 20. Rg3 c5 21. Qf3 Kf8 22. Nc6 Rc8 23. Nxb4 axb4 24. dxc5 Rxc5 25. Bxf6 gxf6 26. Qxf6 Rf5 27. Qxh6+ Ke7 28. Qh4+ Kd7 29. Qe4 Kc7 30.
Rd3 Qc5 31. Rf3 Rd8 32. Rxf5 exf5 33. Qf3 Rd2 34. Qf4+ Rd6 35. Rd1 Kc6 36. Rxd6+ Qxd6 37. Qxd6+ Kxd6 38. Kf1 Kc5 39. Ke2 Kd4 40.
Kd2 Kd5 1-0

[Event "Chpt France Universitaire 2024"]
[Site "Bastia, France"]
[Date "2024.04.06"]
[Round "4.12"]
[White "Fetiveau, Arthur"]
[Black "Lordier, Sophia"]
[Result "0-1"]
[TimeControl "15min+5s"]
[WhiteElo "2087"]
[BlackElo "1934"]

1. e4 c5 2. Nf3 d6 3. d4 cxd4 4. Nxd4 Nf6 5. Nc3 a6 6. Bd3 b5 7. a4 b4 8. Nd5 e5 9. Nxf6+ Qxf6 10. Nb3 Be7 11. a5 Bb7 12.
O-O O-O 13. Be3 Nd7 14. Qd2 Rab8 15. Ra4 Nc5 16. Nxc5 dxc5 17. Qe2 Bc6 18. Raa1 Bb5 19. Bc4 Qc6 20. f3 Qc7 21. Rfd1 Bxc4 22.
Qxc4 Rb5 23. Rd5 Rd8 24. Rad1 Rxd5 25. Qxd5 Rb8 26. Qd7 Rc8 27. Rd5 Qxd7 28. Rxd7 Bd8 29. Ra7 Bxa5 30. Rxa6 Bd8 31.
Kf2 Kf8 32. Ra7 Be7 33. Ke2 c4 34. b3 cxb3 35. cxb3 f6 36. Bd2 Rc2 37. Rd7 Rb2 38. Rd3 Kf7 39. Kd1 Ke6 40. Kc1 Ra2 41.
Kb1 Ra7 42. Kb2 g6 43. Rd5 Rb7 44. Kc2 f5 45. Kd3 Ra7 46. Kc4 Rc7+ 47. Kd3 Ra7 48. Rb5 Rd7+ 49. Ke2 Rd4 50. Be3 Rd7 51. Rb6+ Kf7 52. Bd2 Rd4 53. Rb7 Ke6 54.
Rb6+ Kf7 55. exf5 gxf5 56. Be3 Rd5 57. Rh6 Kg7 58. Re6 Kf7 59. Rb6 e4 60. fxe4 fxe4 61. Bd2 Rd4 62. Be1 Ke8 63.
Rb7 Bd6 64. h3 Be7 65. Ke3 Rd3+ 66. Kxe4 Rxb3 67. Kd5 Rb1 68. Bf2 Rb2 69. Bc5 Rd2+ 70. Kc4 Rc2+ 71. Kxb4 Bxc5+ 72. Kb3 Rxg2 73. Rxh7 Kf8 74. Kc4 Be7 75. Kd5 Bf6 76. Ke6 Bg7 77. Rh5 Re2+ 78. Kd6 Rf2 79.
Ke6 Kg8 80. Rh4 Rf6+ 81. Kd5 Kf7 82.
Rg4 Bh6 83. Rg3 Rf5+ 84. Ke4 Kf6 85. Rb3 Rf4+ 86. Kd5 Kg5 87. Rb6 Kh5 88. Ke5 Rf2 89. Ke4 Rf4+ 90. Ke5 Rh4 91. Rb3 Bf4+ 92.
Kf5 Bh6 93. Rd3 Rf4+ 94. Ke5 Kh4 95.
Rb3 Rf8 96. Ke6 Rg8 97. Kf5 Rg5+ 98.
Ke4 Rg2 99. Kf5 Rf2+ 100. Ke5 Bf4+ 101. Ke4 Bg3 102. Rb7 Kxh3 103. Ke3 Kg2 104. Rd7 Rf3+ 105. Ke2 Rf2+ 106. Ke3 Bf4+ 107. Ke4 Bg3 108. Ke3 Rf6 109. Rd2+ Kh3 110. Rd7 Bf4+ 111. Ke4 Kg4 112.
Rg7 Bg5 113. Rg8 Rf4+ 114. Ke5 Rf2 115.
Ke4 Re2+ 116. Kd3 Re7 117. Kd4 Kf5 118. Kd5 Rd7+ 119. Kc6 Rd3 120. Kc5 Bf6 121. Kc4 Rd7 122. Kc5 Ke4 123. Rg4+ Ke5 124. Rg2 Rc7+ 125. Kb6 Rc3 126. Kb5 Kd5 127. Rh2 Rb3+ 128. Ka4 Rb7 129. Ka5 Be5 130. Rh4 Kc5 131. Ka6 Rb2 132. Rh5 Kd5 133.
Ka5 Kd4 134. Ka4 Bd6 135. Ka5 Kc4 136.
Ka6 Bc5 137. Rg5 Rb6+ 138. Ka5 Rb7 139. Rg4+ Bd4 0-1

[Event "Chpt France Universitaire 2024"]
[Site "Bastia, France"]
[Date "2024.04.06"]
[Round "5.1"]
[White "Rakotomaharo, Fy Antenaina"]
[Black "Eveno, Nathan"]
[Result "1-0"]
[TimeControl "15min+5s"]
[WhiteElo "2448"]
[BlackElo "2192"]

1. e4 c5 2. a4 d6 3. Bb5+ Nd7 4. f4 a6 5. Be2 Ngf6 6. d3 b6 7. Nf3 e6 8. c4 Be7 9. Nc3 Bb7 10.
O-O O-O 11. Qe1 d5 12. e5 Ne8 13. cxd5 exd5 14. f5 d4 15. Ne4 Bxe4 16. dxe4 d3 17. Bxd3 Nxe5 18. Nxe5 Qd4+ 19. Qf2 Qxe5 20.
Bf4 Qd4 21. Qxd4 cxd4 22. Rfc1 Bc5 23. a5 Nf6 24. b4 Bxb4 25. axb6 Nd7 26. b7 Ra7 27. Bxa6 Bc3 28. Rxc3 dxc3 29.
Be3 Rxa6 30. Rxa6 Rb8 31. Ra8 c2 32. Kf1 Kf8 33. Ke2 Ke7 34. Rxb8 Nxb8 35. Kd2 1-0

[Event "Chpt France Universitaire 2024"]
[Site "Bastia, France"]
[Date "2024.04.06"]
[Round "5.2"]
[White "Roux, Baptiste"]
[Black "Gatineau, Yovann"]
[Result "1-0"]
[TimeControl "15min+5s"]
[WhiteElo "2361"]
[BlackElo "2408"]

1. e4 e6 2. d4 d5 3.
Bd3 dxe4 4. Bxe4 Nf6 5. Bf3 c5 6. Ne2 Be7 7. O-O O-O 8. Nbc3 Nc6 9. Be3 cxd4 10. Nxd4 Ne5 11. Qe2 a6 12. Rad1 Qc7 13. Rfe1 Bd7 14.
Bf4 Nxf3+ 15. Qxf3 Qb6 16. Be5 Rad8 17. Qg3 Nh5 18. Qf3 Nf6 19. Qg3 Nh5 20. Qh3 g6 21. g4 Ng7 22. Qg3 Rc8 23. Nf5 exf5 24. Nd5 Qd8 25. Nxe7+ Qxe7 26.
Bxg7 Be6 27. Bxf8 Qxf8 28. gxf5 Bxf5 29. c3 Rc4 30. Rd4 Rxd4 31. cxd4 Qb4 32. Re8+ Kg7 33. Qe5+ Kh6 34. Qe3+ Kg7 35. Qc3 Qa4 36. Re1 Qxa2 37. d5+ Kh6 38. Qd2+ Kg7 39. Qd4+ Kh6 40. d6 Qa5 41. Qf4+ Kh5 42. Rd1 Qd8 43.
d7 Bg4 44. Rd5+ f5 45. f3 Bh3 46.
Qg3 1-0

[Event "Chpt France Universitaire 2024"]
[Site "Bastia, France"]
[Date "2024.04.06"]
[Round "5.3"]
[White "Gryshko, Vitalii"]
[Black "Dalaud, Dorian"]
[Result "0-1"]
[TimeControl "15min+5s"]
[WhiteElo "2288"]
[BlackElo "2307"]

1. e4 Nc6 2. Nc3 Nf6 3. f4 d5 4. e5 Ne4 5. d3 Nxc3 6. bxc3 g5 7. Qh5 gxf4 8. Nf3 Be6 9. Ng5 Qd7 10. d4 O-O-O 11. Nxe6 Qxe6 12. Bd3 Kb8 13. Bxf4 f6 14. Bf5 Qg8 15. exf6 e5 16. Bg3 exd4 17. O-O Bd6 18. Bh4 Rf8 19. c4 Be5 20. Bd7 Qg6 21. Qf3 Qh6 22. Bg3 Rxf6 23.
Qxd5 Rd6 24. Qf7 Bxg3 25. hxg3 Ne5 26. Qe7 Nxd7 27. c5 Nxc5 28. Rae1 a6 29. Rf7 Rd7 30.
Qe5 Rxf7 31. Qxh8+ Ka7 32. Qxd4 Qb6 33. Kh2 Rf6 34. Re7 Rh6+ 35. Kg1 Na4 36. Qxb6+ Kxb6 37. g4 Nc3 38.
g5 Rg6 39. Rxh7 Rxg5 40. Kf2 Nxa2 0-1

[Event "Chpt France Universitaire 2024"]
[Site "Bastia, France"]
[Date "2024.04.06"]
[Round "5.4"]
[White "Harutyunyan, Safar"]
[Black "Bosc, Seraphina"]
[Result "1-0"]
[TimeControl "15min+5s"]
[WhiteElo "2266"]
[BlackElo "2216"]

1. e4 e6 2. d4 d5 3.
Nc3 Nf6 4. e5 Nfd7 5. Nce2 c5 6.
c3 Nc6 7. Nf3 b5 8. Nf4 b4 9.
Bd3 cxd4 10. cxd4 Qb6 11. Be3 Ba6 12. h4 h6 13. g4 Be7 14. Rg1 b3 15. a3 Na5 16. h5 Bxd3 17. Qxd3 Nc4 18.
Rb1 Rc8 19. g5 hxg5 20. Nxg5 Nxe3 21. Qxe3 Qa5+ 22. Kf1 Qb5+ 23. Ke1 Qa5+ 24. Ke2 Qb5+ 25. Kf3 Nb6 26. Rg3 Nc4 27. Qd3 Qa5 28. Nxf7 Rf8 29. Rxg7 Nd2+ 30.
Kg2 Nxb1 31. Qg6 Qe1 32. Nd6+ Kd7 33. Rxe7+ Kxe7 34. Qg7+ 1-0